 Dungeon Crawl Stone Soup version 0.17.0-9-g801d43b (webtiles) character file.

84 HungrySpirit the Ruffian (level 4, -2/35 HPs)
             Began as a Draconian Transmuter on Nov 9, 2015.
             Slain by a gnoll
             ... wielding a +0 halberd
              (9 damage)
             ... on level 2 of the Dungeon.
             The game lasted 00:03:44 (2508 turns).

HungrySpirit the Ruffian (Draconian Transmuter)     Turns: 2508, Time: 00:03:44

Health: -2/35      AC:  5    Str: 13    XL:     4   Next: 23%
Magic:  6/7        EV:  5    Int: 13    God:
Gold:   72         SH:  0    Dex: 14    Spells: 2 memorised, 5 levels left

rFire  . . .     SeeInvis .       - Unarmed
rCold  . . .     Clarity  .     (armour unavailable)
rNeg   . . .     SustAt   .     (no shield)
rPois  +         Gourm    .     (helmet restricted)
rElec  .         Spirit   .     (no cloak)
rCorr  .         Warding  .     (no gloves)
rMut   .         Stasis   .     (boots currently unavailable)
MR     .....                    (no amulet)
Stlth  +.........               (no ring)
                                q - -2 ring of evasion (curse)

@: appendage, very slightly contaminated, hasted, invisible, very quick, not
resistant to hostile enchantments, very unstealthy
A: unfitting armour, talons 3, agile 1, poison resistance, regeneration 1,
cold-blooded, AC +5
a: End Transformation


You were on level 2 of the Dungeon.
You were not hungry.
You had grown temporary talons.
You visited 1 branch of the dungeon, and saw 2 of its levels.

You collected 72 gold pieces.

Inventory:

Hand Weapons
 g - a +1 dagger
Missiles
 a - 47 arrows
 w - 15 arrows of dispersal
Jewellery
 q - a cursed -2 ring of evasion (left hand)
Scrolls
 k - a scroll of enchant weapon
 o - a scroll of teleportation
 p - a scroll of enchant armour {unknown}
 s - a scroll of blinking {unknown}
 v - 2 scrolls of immolation {unknown}
Potions
 m - a potion of invisibility
 n - a potion of ambrosia {unknown}
 r - a potion of flight {unknown}
 t - a potion of degeneration {unknown}
 u - a potion of poison {unknown}
Books
 b - a book of Changes

   Spells                             Type                      Level
   a - Beastly Appendage              Transmutation                1
   b - Sticks to Snakes               Transmutation                2
   c - Spider Form                    Transmutation/Poison         3
   d - Ice Form                       Ice/Transmutation            4
   e - Blade Hands                    Transmutation                5
Comestibles
 c - a bread ration
 d - a beef jerky
 h - 2 slices of pizza
 j - 2 meat rations


   Skills:
 - Level 1.1 Fighting
 - Level 1.7 Dodging
 * Level 3.8 Unarmed Combat
 + Level 2.5 Spellcasting
 * Level 3.4 Transmutations


You had 5 spell levels left.
You knew the following spells:

 Your Spells              Type           Power        Failure   Level  Hunger
a - Beastly Appendage     Trmt           ##....       8%          1    #......
b - Sticks to Snakes      Trmt           ##........   10%         2    ###....


Dungeon Overview and Level Annotations

Branches:
Dungeon (2/15)

Altars:


Innate Abilities, Weirdness & Mutations

Your plain brown scales are hard (AC +5).
Your body does not fit into most forms of armour.
You are cold-blooded and may be slowed by cold attacks.
You have claws for feet.
You are agile. (Dex +2)
Your system is resistant to poisons.
Your natural rate of healing is unusually fast.


Message History

There is a stone staircase leading up, spattered with blood here.
Casting: Sticks to Snakes
Confirm with . or Enter, or press ? or * to list all spells.
Your feet morph into talons.
The gnoll hits you but does no damage.
You miss the gnoll. You claw the gnoll.
Your tail-slap misses the gnoll.
The gnoll is lightly wounded.
The gnoll hits you with a halberd. The gnoll barely misses you.
You closely miss the gnoll. You claw the gnoll.
The gnoll is lightly wounded.
You hit the gnoll. You claw the gnoll.
The gnoll is moderately wounded.
The gnoll hits you but does no damage. The gnoll hits you with a halberd!
* * * LOW HITPOINT WARNING * * *
You are too injured to fight recklessly!
You hit the gnoll. You claw the gnoll.
The gnoll is heavily wounded.
The gnoll barely misses you.
Unknown command.
The gnoll hits you with a halberd!
You die...

#...#.#≈#.#...#
###.###≈###.### ##
#.......g.# .#
####...#.##
############## .#
#####....#
#............#
g####.(...>###
#......#####.#
.)g..)....##
#......#...#.#
.##..g###.#
##g.....#.#.#.#
)##.(.# #.#
#@..........#.#
.##..g#######
#gg.......###.#
.##....gg...#
#.#.####### #.#
..#...#####.#
#g#.#...# #.#
..#...#
#.####.#.#...# #.#
..#...#
#.#....#.#.#.# #.#
..#####
#.#g####...#.# #.#
#.# #g#.########.#
#.#
#.#########g#......#
#.# #.#


You could see 4 gnolls.

Vanquished Creatures
  2 gnolls (D:2)
  2 adders (D:2)
  An ooze (D:2)
  A worm (D:2)
  A giant gecko (D:1)
  A ball python (D:1)
  4 hobgoblins
  6 kobolds
  2 quokkas (D:2)
  7 bats
  A giant newt (D:2)
  11 goblins
  3 rats (D:1)
42 creatures vanquished.

Notes
Turn   | Place    | Note
--------------------------------------------------------------
     0 | D:1      | HungrySpirit the Draconian Transmuter began the quest for the Orb.
     0 | D:1      | Reached XP level 1. HP: 16/16 MP: 3/3
   204 | D:1      | Reached XP level 2. HP: 21/23 MP: 5/5
  1245 | D:2      | Reached XP level 3. HP: 28/28 MP: 4/6
  1756 | D:1      | Learned a level 2 spell: Sticks to Snakes
  2103 | D:2      | Reached XP level 4. HP: 18/35 MP: 3/7
  2499 | D:1      | Gained mutation: Your natural rate of healing is unusually fast. [potion of mutation]
  2499 | D:1      | Gained mutation: Your system is resistant to poisons. [potion of mutation]
  2499 | D:1      | Gained mutation: You are agile. (Dex +2) [potion of mutation]
  2508 | D:2      | Slain by a gnoll

Action                   |  1- 3 |  4- 6 || total
-------------------------+-------+-------++-------
Melee: Unarmed           |   159 |    13 ||   172
 Cast: Beastly Appendage |    18 |     2 ||    20
       Sticks to Snakes  |     1 |     2 ||     3
  Use: Scroll            |     3 |       ||     3
       Potion            |       |     5 ||     5
  Eat: Chunk             |     3 |       ||     3
       Meat ration       |       |     1 ||     1
